 Dungeon Crawl Stone Soup version 0.30-a0-591-g3c58d2bc28 (webtiles) character file.

Game seed: 17787020770978563638

3822 Crownlay the Protected (level 10, -6/74 HPs)
             Began as a Gnoll Wanderer on Jan 5, 2023.
             Was a Follower of Cheibriados.
             Mangled by a two-headed ogre
             ... wielding a +0 giant spiked club
              (31 damage)
             ... on level 8 of the Dungeon.
             The game lasted 00:14:12 (8228 turns).

Crownlay the Protected (Gnoll Wanderer)             Turns: 8228, Time: 00:14:12

Health: -6/74      AC:  7    Str: 15    XL:     10   Next: 17%
Magic:  18/19      EV: 13    Int: 25    God:    Cheibriados [*.....]
Gold:   51         SH:  5    Dex: 14    Spells: 17/21 levels left

rFire   + + .      SeeInvis .    q - +9 falchion of Chance {freeze, rElec rF++ Int+6}
rCold   . . .      Faith    .    x - +0 buckler
rNeg    . . .      Spirit   .    D - +1 steam dragon scales
rPois   +          Reflect  .    (no helmet)
rElec   +          Harm     .    (no cloak)
rCorr   +          Rampage  .    (no gloves)
Will    .....                    j - +2 pair of boots
Stlth   +++                      (no amulet)
HPRegen 0.32/turn                a - ring of resist corrosion
MPRegen 0.16/turn                m - ring of poison resistance

@: corroded, very slow
A: fangs 1, strong nose, distributed training
a: Renounce Religion, Bend Time


You were on level 8 of the Dungeon.
You worshipped Cheibriados.
Cheibriados was aware of your devotion.
You visited 2 branches of the dungeon, and saw 9 of its levels.

You collected 475 gold pieces.
You spent 424 gold pieces at shops.

Inventory:

Hand Weapons
 q - the +9 falchion of Chance (weapon) {freeze, rElec rF++ Int+6}
   (You found it on level 3 of the Dungeon)

   Int:       It affects your intelligence (+6).
   rF:        It greatly protects you from fire.
   rElec:     It insulates you from electricity.
 v - the +8 mace of Subjectivity {heavy, rPois rCorr}
   (You found it on level 4 of the Dungeon)

   rPois:     It protects you from poison.
   rCorr:     It protects you from acid and corrosion.
 C - a +2 war axe of flaming
Armour
 j - a +2 pair of boots (worn)
 x - a +0 buckler (worn)
 D - +1 steam dragon scales (worn)
Jewellery
 a - a ring of resist corrosion (left hand)
 m - a ring of poison resistance (right hand)
 B - a ring of protection from fire
Wands
 h - a wand of flame (19)
 u - a wand of paralysis (2)
Scrolls
 c - 2 scrolls of brand weapon
 d - 5 scrolls of teleportation
 e - 2 scrolls of blinking
 i - a scroll of magic mapping
 l - a scroll of summoning
 o - 2 scrolls of amnesia
 p - a scroll of silence
 r - 2 scrolls of fear
 t - 3 scrolls of noise
 y - a scroll of vulnerability
 A - 2 scrolls of fog
 E - a scroll of immolation {unknown}
Potions
 b - a potion of magic {unknown}
 f - a potion of lignification
 g - 3 potions of flight
 k - a potion of degeneration
 n - 2 potions of haste
 s - 2 potions of heal wounds
 w - 3 potions of might
 z - a potion of cancellation {unknown}
 F - a potion of attraction {unknown}


   Skills:
 + Level 5.2 Fighting
 + Level 5.9 Short Blades
 + Level 5.2 Long Blades
 + Level 5.2 Axes
 + Level 5.2 Maces & Flails
 + Level 5.2 Polearms
 + Level 5.2 Staves
 + Level 5.2 Ranged Weapons
 + Level 5.2 Throwing
 + Level 10.0 Armour
 + Level 5.2 Dodging
 + Level 5.8 Stealth
 + Level 5.2 Shields
 + Level 5.2 Unarmed Combat
 + Level 6.0 Spellcasting
 + Level 4.3 Conjurations
 + Level 5.8 Hexes
 + Level 4.3 Summonings
 + Level 4.3 Necromancy
 + Level 4.3 Translocations
 + Level 4.3 Transmutations
 + Level 4.3 Fire Magic
 + Level 4.3 Ice Magic
 + Level 4.3 Air Magic
 + Level 4.3 Earth Magic
 + Level 4.3 Poison Magic
 + Level 5.7 Invocations
 + Level 5.9 Evocations


You had 17 spell levels left.
You knew the following spells:

 Your Spells              Type           Power      Damage    Failure   Level
a - Slow                  Hex            100%       N/A       1%          1
b - Summon Guardian Gole  Hex/Summ       32%        N/A       3%          3

Your spell library contained the following spells:

 Spells                   Type           Power      Damage    Failure   Level
 Summon Small Mammal      Summ           100%       N/A       1%          1
 Portal Projectile        Hex/Tloc       64%        N/A       3%          3
 Call Canine Familiar     Summ           29%        N/A       4%          3
 Cause Fear               Hex            18%        N/A       9%          4


Dungeon Overview and Level Annotations

Branches:
Dungeon (8/15)             Temple (1/1) D:6
   Lair: D:8-11

Altars:
Ashenzari
Cheibriados
Dithmenos
Elyvilon
Gozag
Hepliaklqana
Kikubaaqudgha
Makhleb
Nemelex Xobeh
Okawaru
Ru
Uskayaw
Vehumet
Wu Jian
Zin

Shops:
D:1 :   D:8 *


Innate Abilities, Weirdness & Mutations

You have very sharp teeth.
Your uncanny sense of smell can sniff out nearby items.
Your experience applies equally to all skills.


Message History

Found a stone staircase leading up.
An acid dragon comes into view.
A two-headed ogre comes into view.
It is wielding two +0 giant spiked clubs.
Found a scroll of identify.
The acid dragon spits acid at you. The splash of acid hits you! You resist.
The two-headed ogre shouts in stereo!
You closely miss the acid dragon. The acid dragon misses you. x2
You hit the acid dragon. You freeze the acid dragon.
The acid dragon is moderately wounded.
The acid dragon spits acid at you. The splash of acid misses you.
You slash the acid dragon! You freeze the acid dragon.
The acid dragon is severely wounded.
You block the acid dragon's attack. The acid dragon barely misses you.
You hit the acid dragon but do no damage.
The acid dragon is severely wounded.
The acid dragon spits acid at you. The splash of acid hits you! You resist.
The acid corrodes you!
You closely miss the acid dragon.
The acid dragon is severely wounded.
The acid dragon bites you! The acid dragon claws you.
You block the two-headed ogre's attack. The two-headed ogre misses you.
You hit the acid dragon but do no damage.
The acid dragon is severely wounded.
The acid dragon bites you. The acid dragon claws you.
The two-headed ogre hits you but does no damage.
The two-headed ogre hits you with a +0 giant spiked club!!
You are too injured to fight recklessly!
You are too injured to fight recklessly!
Casting: Slow (safe; 1% risk of failure)
Confirm with . or Enter, or press ? or * to list all spells.
Aiming: Slow (safe; 1% risk of failure)
Press: ? - help, Shift-Dir - straight line, f - two-headed ogre
Aim: a two-headed ogre, wielding two +0 giant spiked clubs (chance to affect: 38%)
The two-headed ogre resists with some effort.
The acid dragon barely misses you. You block the acid dragon's attack.
The two-headed ogre attacks as you move away!
The two-headed ogre hits you with a +0 giant spiked club!!
You die...

#.......# #.......###
#.......+.#
###.......#.#####
#####...#............
#.#.#.#.#.##.##...####.
...........#.##.#.####.
##.#.#.#.#.##.##.....#..
#.....O@<.....#......#.#
##.#.#D#.#.#.#.....#.#.#
..........#..####.#.#
#.#.#.#.###......)#..
..........##.####..###
#.# #.#.#.##..#.##.....
... ...?. #. #.....###
.# #. .# #.##### #


You could see a two-headed ogre and an acid dragon (catching breath).

Vanquished Creatures
  Maggie (D:7)
  Prince Ribbit (D:7)
  Sigmund (D:2)
  A steam dragon (D:8)
  The ghost of initializr the Gusty, an amateur DsAE (D:4)
  2 water moccasins (D:7)
  Duvessa (D:7)
  3 orc warriors (D:7)
  A sky beast (D:6)
  An ogre (D:4)
  A kobold brigand (D:6)
  A phantom (D:5)
  A bullfrog (D:7)
  2 gnoll sergeants
  4 necrophages
  5 scorpions
  5 wights (D:7)
  Dowan (D:7)
  3 howler monkeys (D:7)
  A killer bee (D:7)
  4 hounds
  5 orc priests
  A gnoll bouda (D:7)
  2 jellies
  4 iguanas
  4 orc wizards
  Robin (D:2)
  13 gnolls
  4 adders
  A white imp (D:5)
  An ufetubus (D:5)
  2 worms (D:2)
  5 dart slugs
  29 orcs
  5 bats
  5 endoplasms
  2 giant cockroaches
  19 goblins
  6 hobgoblins
  5 quokkas
  10 ball pythons
  2 frilled lizards (D:2)
  9 kobolds
  8 rats
184 creatures vanquished.

Vanquished Creatures (others)
  2 fungi (D:2)
  2 plants (D:1)
  6 toadstools (D:2)
10 creatures vanquished.

Grand Total: 194 creatures vanquished

Notes
Turn   | Place    | Note
-------+----------+-------------------------------------------
     0 | D:1      | Crownlay the Gnoll Wanderer began the quest for the Orb.
     0 | D:1      | Crownlay set off with the following items: a +0 short
                  | sword, a +0 scale mail, a scroll of fog; and the following
                  | spell memorised: Slow; and the following spells available
                  | to memorise: Portal Projectile, Cause Fear.
     0 | D:1      | Reached XP level 1. HP: 13/13 MP: 4/4
    75 | D:1      | Reached XP level 2. HP: 19/19 MP: 5/5
   240 | D:1      | Found Quen's Book Shop.
   453 | D:1      | Reached XP level 3. HP: 25/25 MP: 7/7
   830 | D:2      | Found a faded altar of an unknown god.
   968 | D:2      | Reached skill level 1 in Invocations
  1043 | D:2      | Reached skill level 1 in Fighting
  1043 | D:2      | Reached skill level 1 in Long Blades
  1043 | D:2      | Reached skill level 1 in Axes
  1043 | D:2      | Reached skill level 1 in Maces & Flails
  1043 | D:2      | Reached skill level 1 in Polearms
  1043 | D:2      | Reached skill level 1 in Staves
  1043 | D:2      | Reached skill level 1 in Ranged Weapons
  1043 | D:2      | Reached skill level 1 in Throwing
  1043 | D:2      | Reached skill level 1 in Dodging
  1043 | D:2      | Reached skill level 1 in Shields
  1043 | D:2      | Reached skill level 1 in Unarmed Combat
  1114 | D:2      | Noticed Robin
  1262 | D:2      | Reached XP level 4. HP: 31/32 MP: 8/8
  1273 | D:2      | Noticed Sigmund
  1364 | D:2      | Killed Sigmund
  1365 | D:2      | Reached skill level 1 in Conjurations
  1365 | D:2      | Reached skill level 1 in Summonings
  1365 | D:2      | Reached skill level 1 in Necromancy
  1365 | D:2      | Reached skill level 1 in Translocations
  1365 | D:2      | Reached skill level 1 in Transmutations
  1365 | D:2      | Reached skill level 1 in Fire Magic
  1365 | D:2      | Reached skill level 1 in Ice Magic
  1365 | D:2      | Reached skill level 1 in Air Magic
  1365 | D:2      | Reached skill level 1 in Earth Magic
  1365 | D:2      | Reached skill level 1 in Poison Magic
  1365 | D:2      | Reached XP level 5. HP: 12/38 MP: 8/10
  1365 | D:2      | Reached XP level 6. HP: 14/44 MP: 8/11
  1825 | D:2      | Killed Robin
  2697 | D:3      | Identified the +9 falchion of Chance {freeze, rElec rF++
                  | Int+6}
  2993 | D:4      | Reached XP level 7. HP: 24/51 MP: 12/12
  3430 | D:4      | Identified the +8 mace of Subjectivity {heavy, rPois rCorr}
  3679 | D:4      | Found a runed translucent door.
  3680 | D:4      | Noticed initializr's ghost (amateur DsAE)
  3774 | D:4      | Found a sparkling altar of Nemelex Xobeh.
  3778 | D:4      | Found a white marble altar of Elyvilon.
  3778 | D:4      | Found a glowing silver altar of Zin.
  3791 | D:4      | Found a shadowy altar of Dithmenos.
  3794 | D:4      | Found an ancient bone altar of Kikubaaqudgha.
  4291 | D:4      | Killed initializr's ghost
  4292 | D:4      | Reached skill level 9 in Armour
  4372 | D:5      | Entered Level 5 of the Dungeon
  4405 | D:5      | Found an ornate altar of the Wu Jian Council.
  4449 | D:5      | Reached XP level 8. HP: 56/58 MP: 14/14
  4749 | D:5      | Found a hazy altar of Hepliaklqana.
  5477 | D:6      | Reached skill level 5 in Hexes
  5798 | D:6      | Reached XP level 9. HP: 59/65 MP: 16/16
  5930 | D:6      | Found a radiant altar of Vehumet.
  5990 | D:6      | Found a staircase to the Ecumenical Temple.
  6101 | Temple   | Entered the Ecumenical Temple
  6174 | Temple   | Became a worshipper of Cheibriados the Contemplative
  6343 | D:7      | Noticed Prince Ribbit
  6350 | D:7      | Killed Prince Ribbit
  6351 | D:7      | Reached skill level 5 in Spellcasting
  6532 | D:7      | Reached skill level 5 in Short Blades
  6532 | D:7      | Reached skill level 5 in Evocations
  6664 | D:7      | Found an opulent altar of Gozag.
  6700 | D:7      | Noticed Duvessa
  6700 | D:7      | Noticed Dowan
  6712 | D:7      | Killed Duvessa
  6713 | D:7      | Reached skill level 5 in Stealth
  6714 | D:7      | Killed Dowan
  6752 | D:7      | Noticed Maggie
  7045 | D:7      | Reached skill level 5 in Invocations
  7340 | D:7      | Reached * piety under Cheibriados
  7352 | D:7      | Killed Maggie
  7490 | D:7      | Reached skill level 5 in Fighting
  7490 | D:7      | Reached skill level 5 in Long Blades
  7490 | D:7      | Reached skill level 5 in Axes
  7490 | D:7      | Reached skill level 5 in Maces & Flails
  7490 | D:7      | Reached skill level 5 in Polearms
  7490 | D:7      | Reached skill level 5 in Staves
  7490 | D:7      | Reached skill level 5 in Ranged Weapons
  7490 | D:7      | Reached skill level 5 in Throwing
  7490 | D:7      | Reached skill level 5 in Dodging
  7490 | D:7      | Reached skill level 5 in Shields
  7490 | D:7      | Reached skill level 5 in Unarmed Combat
  7490 | D:7      | Reached XP level 10. HP: 74/74 MP: 18/18
  7497 | D:7      | Learned a level 3 spell: Summon Guardian Golem
  7678 | D:7      | Found an ancient bone altar of Kikubaaqudgha.
  7687 | D:7      | Reached skill level 10 in Armour
  8039 | D:8      | Found Hoisaegg's Assorted Antiques.
  8056 | D:8      | Bought a scroll of blinking for 240 gold pieces
  8056 | D:8      | Bought a sedimented emerald potion for 28 gold pieces
  8056 | D:8      | Bought a scroll labelled ETHAEBLIGY for 32 gold pieces
  8056 | D:8      | Bought a sedimented green potion for 28 gold pieces
  8056 | D:8      | Bought a scroll of teleportation for 96 gold pieces
  8219 | D:8      | Noticed a two-headed ogre
  8228 | D:8      | Mangled by a two-headed ogre

Illustrated notes

Levels and vault maps discovered:
D:1:      lightli_arrival_statuegarden, layout_basic, serial_shops,
          nicolae_diamond_shop, minmay_misc_feat_roman, serial_park_tiny_1,
          minmay_shallow_snake_nest
D:2:      layout_basic, hellmonk_ecumenical_altar_slurped_away,
          minmay_gold_behind_fungi, kennysheep_nub, kennysheep_generic_room_13,
          uniq_sigmund, uniq_robin
D:3:      layout_basic
D:4:      layout_layer_cave, minmay_overflow_temple_star_hex,
          ebering_ghost_reflecting_pool
D:5:      layout_basic, kennysheep_little_box, mainiacjoe_overflow_24_doors
D:6:      layout_loops_cross, nicolae_vehumet_altar_sigil, temple_fountains,
          skrybe_limestone_x
D:7:      layout_basic, nicolae_overflow_hidden_temple, minmay_ruined_shrine,
          uniq_prince_ribbit1, uniq_duvessa, uniq_maggie
D:8:      layout_basic, serial_shops, shop, st_stairs_10
Temple:   hellmonk_temple_forest_ring

Skill      XL: |  1  2  3  4  5  6  7  8  9 10 |
---------------+-------------------------------+-----
Invocations    | 1 2 3 4 5 |  5.7
Fighting       | 1 2 3 5 |  5.2
Long Blades    | 1 2 3 5 |  5.2
Axes           | 1 2 3 5 |  5.2
Maces & Flails | 1 2 3 5 |  5.2
Polearms       | 1 2 3 5 |  5.2
Staves         | 1 2 3 5 |  5.2
Ranged Weapons | 1 2 3 5 |  5.2
Throwing       | 1 2 3 5 |  5.2
Dodging        | 1 2 3 5 |  5.2
Shields        | 1 2 3 5 |  5.2
Unarmed Combat | 1 2 3 5 |  5.2
Short Blades   | 3 4 5 |  5.9
Stealth        | 3 4 5 |  5.8
Spellcasting   | 3 4 5 6 |  6.0
Conjurations   | 1 2 3 4 |  4.3
Hexes          | 4 5 |  5.8
Summonings     | 1 2 3 4 |  4.3
Necromancy     | 1 2 3 4 |  4.3
Translocations | 1 2 3 4 |  4.3
Transmutations | 1 2 3 4 |  4.3
Fire Magic     | 1 2 3 4 |  4.3
Ice Magic      | 1 2 3 4 |  4.3
Air Magic      | 1 2 3 4 |  4.3
Earth Magic    | 1 2 3 4 |  4.3
Poison Magic   | 1 2 3 4 |  4.3
Evocations     | 3 4 5 |  5.9
Armour         | 9 10 | 10.0

Action                   |  1- 3 |  4- 6 |  7- 9 | 10-12 || total
-------------------------+-------+-------+-------+-------++-------
Melee: Short sword       |   167 |   261 |       |       ||   428
       Bite              |    16 |    24 |    26 |     8 ||    74
       Punch             |     1 |     2 |     1 |       ||     4
       Falchion          |       |    10 |   299 |    57 ||   366
 Cast: Slow              |       |       |     4 |     2 ||     6
       Summon Guardian G |       |       |       |     1 ||     1
Evoke: Wand              |       |       |     4 |     2 ||     6
  Use: Scroll            |     2 |       |    17 |       ||    19
       Potion            |       |     5 |     3 |       ||     8
 Stab: Sleeping          |       |       |     2 |       ||     2
       Paralysed         |       |       |     5 |       ||     5
Armor: Scale mail        |    91 |   145 |   102 |       ||   338
       Skin              |       |    88 |       |       ||    88
       Steam dragon scal |       |       |     3 |    14 ||    17
Dodge: Dodged            |    93 |   132 |   106 |    29 ||   360
Block: Buckler           |       |       |    46 |    13 ||    59

Table legend: (Time is in decaauts)
 A = Elapsed time spent in this place.
 B = Non-inter-level travel time spent in this place.
 C = Inter-level travel time spent in this place.
 D = Time resting spent in this place.
 E = Time spent auto-exploring this place.
 F = Levels seen in this place.
 G = Mean time per level.
                   A        B        C        D        E       F      G
               +--------+--------+--------+--------+--------+-----+--------+
         Total |   8578 |   8268 |    310 |    236 |   6406 |   9 |  953.1 |
       Dungeon |   8486 |   8205 |    281 |    236 |   6350 |   8 | 1060.8 |
        Temple |     92 |     64 |     28 |      0 |     56 |   1 |   92.0 |
               +--------+--------+--------+--------+--------+-----+--------+

Top non-repeatable levels by time:
     D:7: 1829 daAuts
     D:4: 1570 daAuts
     D:2: 1388 daAuts
     D:6: 1286 daAuts
     D:1: 849 daAuts
     D:5: 823 daAuts
     D:3: 508 daAuts
     D:8: 229 daAuts
  Temple: 92 daAuts
